 Dungeon Crawl Stone Soup version 0.20.1-1-g8b1a95d (webtiles) character file.

1325 furman the Covered (level 8, -14/48 HPs)
             Began as a Tengu Fighter on Aug 20, 2017.
             Was a Follower of Okawaru.
             Demolished by Prince Ribbit (16 damage)
             ... on level 6 of the Dungeon.
             The game lasted 00:11:17 (4169 turns).

furman the Covered (Tengu Fighter)                  Turns: 4169, Time: 00:11:19

Health: -14/48     AC:  7    Str: 22    XL:     8   Next: 60%
Magic:  9/9        EV: 10    Int:  8    God:    Okawaru [*.....]
Gold:   293        SH: 12    Dex: 18    Spells: 7/7 levels left

rFire    + . .     SeeInvis .   a - +1 long sword
rCold    + . .     Gourm    .   c - +1 shield
rNeg     . . .     Faith    .   b - +0 scale mail
rPois    .         Spirit   .   (helmet restricted)
rElec    .         Reflect  .   r - scarf {rC+ rF+}
rCorr    .         Harm     .   (no gloves)
MR       .....                  (boots unavailable)
Stlth    ..........             (no amulet)
Regen    0.2/turn               j - +4 ring of strength
MPRegen  0.2/turn               w - +3 ring of dexterity

@: no status effects
A: beak, talons 3, able to fly 1
a: Fly, Heroism, Renounce Religion


You were on level 6 of the Dungeon.
You worshipped Okawaru.
Okawaru was aware of your devotion.
You were not hungry.

You visited 2 branches of the dungeon, and saw 7 of its levels.

You collected 293 gold pieces.

Inventory:

Hand Weapons
 a - a +1 long sword (weapon)
Missiles
 h - 43 poisoned needles
Armour
 b - a +0 scale mail (worn)
 c - a +1 shield (worn)
 k - a scarf of resistance
 r - a scarf of resistance (worn)
Jewellery
 j - a +4 ring of strength (left hand)
 w - a +3 ring of dexterity (right hand)
Wands
 l - a wand of iceblast (7/15)
 v - a wand of acid (10/15)
Scrolls
 m - a scroll of recharging
 q - 2 scrolls of blinking
 s - 4 scrolls of remove curse
Potions
 d - a potion of heal wounds
 e - a potion of curing
 g - a potion of invisibility
 n - a potion of flight
 o - a potion of brilliance
 p - 2 potions of resistance {unknown}
 t - a potion of ambrosia {unknown}
 u - a potion of degeneration {unknown}
 z - a potion of magic {unknown}
 A - a potion of mutation {unknown}
Comestibles
 f - 5 bread rations
 i - 5 meat rations
 x - 2 chunks of flesh


   Skills:
 - Level 4.0 Fighting
 - Level 6.0 Long Blades
 + Level 6.9 Armour
 + Level 3.1 Dodging
 + Level 6.0 Shields


You had 7 spell levels left.
You didn't know any spells.

Dungeon Overview and Level Annotations

Branches:
Dungeon (6/15)             Temple (1/1) D:6

Altars:
Ashenzari
Cheibriados
Dithmenos
Elyvilon
Hepliaklqana
Kikubaaqudgha
Makhleb
Okawaru
Ru
Sif Muna
Uskayaw
Vehumet
Xom
Yredelemnul
Zin
The Shining One

Annotations:
D:6 Prince Ribbit


Innate Abilities, Weirdness & Mutations

You have a beak for a mouth.
You have claws for feet.
You can fly.


Message History

Your kick misses Prince Ribbit. You peck Prince Ribbit.
Prince Ribbit is lightly wounded.
You block Prince Ribbit's attack. Prince Ribbit hits you!
You are too injured to fight recklessly!
You are too injured to fight recklessly!
You are too injured to fight recklessly!
You are too injured to fight recklessly!
You are too injured to fight recklessly!
You are too injured to fight recklessly!
You hit Prince Ribbit. Your kick misses Prince Ribbit.
Your peck misses Prince Ribbit.
Prince Ribbit is lightly wounded.
Prince Ribbit hits you!
You miss Prince Ribbit.
You peck Prince Ribbit, but do no damage.
Prince Ribbit is lightly wounded.
Prince Ribbit hits you!
* * * LOW HITPOINT WARNING * * *
Prince Ribbit hits you!
You die...

##..## #.....# ###.####
##....## ####...######
#.##### #...........##
##.# #............# #.##
#............# ###.#####
##...........#
##.......##
#..........##
#...).....#
#.........@.##
#.......###
##.......F#).###..######
#.......###..##.##
##......# ##...[#
#.....## ###.### ##...##
#...#### #...#
##.....##### #####
#.........##
###....>......


You could see Prince Ribbit.

Vanquished Creatures
  A water moccasin (D:6)
  2 ice beasts (D:6)
  A sky beast (D:6)
  A phantom (D:5)
  2 ogres
  Blork the orc (D:5)
  A scorpion (D:5)
  3 wights (D:6)
  A howler monkey (D:4)
  A hound (D:4)
  An orc wizard (D:5)
  Crazy Yiuf (D:2)
  An iguana (D:6)
  2 worker ants
  A hound skeleton (D:5)
  9 adders
  3 gnolls (D:6)
  An ooze (D:2)
  2 adder skeletons (D:4)
  2 worms (D:3)
  4 dart slugs
  6 leopard geckos
  6 orcs
  3 ball pythons
  4 giant cockroaches
  4 goblins
  11 hobgoblins
  8 jackals
  4 kobolds
  4 quokkas
  7 bats
  7 frilled lizards
  A giant cockroach zombie (D:5)
  A leopard gecko skeleton (D:4)
  4 rats
111 creatures vanquished.

Notes
Turn   | Place    | Note
-------+----------+-------------------------------------------
     0 | D:1      | furman the Tengu Fighter began the quest for the Orb.
     0 | D:1      | Reached XP level 1. HP: 14/14 MP: 2/2
    79 | D:1      | Reached XP level 2. HP: 16/19 MP: 3/3
   197 | D:1      | Reached XP level 3. HP: 22/23 MP: 4/4
   586 | D:2      | Found a shattered altar of Ashenzari.
   645 | D:2      | Found a glowing golden altar of the Shining One.
   702 | D:2      | Reached XP level 4. HP: 28/28 MP: 5/5
   796 | D:2      | Found a runed door.
   800 | D:2      | Noticed Crazy Yiuf
   804 | D:2      | Killed Crazy Yiuf
  1164 | D:3      | Found a hide-covered altar of Uskayaw.
  1164 | D:3      | Noticed a hand axe
  1165 | D:3      | Noticed a dagger
  1335 | D:3      | Gained mutation: You can fly. [Tengu growth]
  1335 | D:3      | Reached XP level 5. HP: 30/32 MP: 6/6
  1353 | D:3      | Found a shadowy altar of Dithmenos.
  1574 | D:3      | Found a faded altar of an unknown god.
  1709 | D:3      | Reached skill level 1 in Dodging
  2133 | D:3      | Found a basalt altar of Yredelemnul.
  2435 | D:4      | Reached XP level 6. HP: 23/37 MP: 7/7
  2963 | D:5      | Entered Level 5 of the Dungeon
  2997 | D:5      | Noticed a phantom
  3010 | D:5      | Killed a phantom
  3035 | D:5      | Reached skill level 5 in Long Blades
  3122 | D:5      | Noticed Blork the orc
  3125 | D:5      | Killed Blork the orc
  3125 | D:5      | Reached skill level 5 in Armour
  3125 | D:5      | Reached XP level 7. HP: 40/43 MP: 8/8
  3348 | D:5      | Found a white marble altar of Elyvilon.
  3693 | D:6      | Reached XP level 8. HP: 48/48 MP: 9/9
  3698 | D:6      | Found a staircase to the Ecumenical Temple.
  3711 | Temple   | Entered the Ecumenical Temple
  3715 | Temple   | Became a worshipper of Warmaster Okawaru
  3725 | D:6      | Reached skill level 5 in Shields
  3849 | D:6      | Found a deep blue altar of Sif Muna.
  3926 | D:6      | Noticed Prince Ribbit
  4124 | D:6      | Reached * piety under Okawaru
  4169 | D:6      | HP: 2/48 [Prince Ribbit (13)]
  4169 | D:6      | Demolished by Prince Ribbit

Skill      XL: |  1  2  3  4  5  6  7  8 |
---------------+-------------------------+-----
Long Blades    | 3 4 5 6 |  6.0
Armour         | 4 5 6 |  6.9
Dodging        | 1 2 3 |  3.1
Fighting       | 4 |  4.0
Shields        | 4 6 |  6.0

Action                   |  1- 3 |  4- 6 |  7- 9 || total
-------------------------+-------+-------+-------++-------
Melee: Long sword        |    83 |   121 |    81 ||   285
       Kick              |    18 |    39 |    26 ||    83
       Peck              |    10 |    19 |    17 ||    46
Evoke: Wand              |       |     2 |     1 ||     3
  Use: Scroll            |     5 |    10 |     2 ||    17
       Potion            |       |     1 |       ||     1
  Eat: Chunk             |       |     7 |     1 ||     8
       Fruit             |       |       |     4 ||     4
Armor: Scale mail        |    29 |    38 |    18 ||    85
Dodge: Dodged            |    26 |    32 |    17 ||    75
Block: Shield            |    36 |    49 |    38 ||   123
       Rpst.: Long sword |     6 |     7 |     6 ||    19
